[ PARTIDA AOE2 · #506550914 ]
UnrankedMongoles vs Spanish
Equipo del jugador · DERR
Equipo rival · VICT
[ ANÁLISIS DE REPETICIÓN · EXTRAÍDO DE LA PARTIDA GRABADA ]
Feudal
10:36
Castillos
20:21
Imperial
32:23
| APM promedio | 27.1 |
| APM pico | 61 |
| eAPM promedio | 14.5 |
| Aldeanos / militares | 81 / 68 |
Foco
⚔️ 30.7% · 🌾 69.3%
Archer ×63 · Trebuchet (Packed) ×5
Feudal
13:55
Castillos
18:19
Imperial
36:42
| APM promedio | 22.2 |
| APM pico | 55 |
| eAPM promedio | 16.3 |
| Aldeanos / militares | 155 / 103 |
Foco
⚔️ 29.2% · 🌾 70.8%
Knight ×85 · Militia ×6 · Conquistador ×4 · Trebuchet (Packed) ×4 · Mangonel ×3 · Missionary ×1
Mapa de la partida
Recursos iniciales + cada clic de construcción. Líneas = muros · curvas = relieve. ◆ oro · ⬟ piedra · ● bayas · ✦ reliquia · ◌ hueco del cierre
Tu base· ✓ Cerrada en 20:21 · 83t muro · sin puerta
Base de [KT] The Best· Abierta — el rival se encerró
Terreno inicial suavizado · ◌ = hueco del cierre detectado · pasá el cursor para detalles
Inputs por minuto
— AttiladaHun - - [KT] The Best
Build order — AttiladaHun
Primeras 150 de 245 acciones detectadas
| 0:01 | Encolar | Villager (Male) |
| 0:01 | Encolar | Villager (Male) |
| 0:01 | Encolar | Villager (Male) |
| 0:02 | Encolar | Villager (Male) |
| 0:03 | Construir | House |
| 0:05 | Construir | House |
| 1:25 | Encolar | Villager (Male) |
| 2:07 | Encolar | Villager (Male) |
| 2:07 | Encolar | Villager (Male) |
| 2:10 | Construir | Lumber Camp |
| 2:27 | Encolar | Villager (Male) |
| 2:57 | Encolar | Villager (Male) |
| 3:16 | Encolar | Villager (Male) |
| 3:39 | Construir | House |
| 3:41 | Construir | House |
| 3:50 | Encolar | Villager (Male) |
| 3:51 | Encolar | Villager (Male) |
| 4:06 | Encolar | Villager (Male) |
| 4:07 | Encolar | Villager (Male) |
| 4:29 | Encolar | Villager (Male) |
| 4:29 | Encolar | Villager (Male) |
| 5:05 | Encolar | Villager (Male) |
| 5:06 | Encolar | Villager (Male) |
| 5:27 | Construir | Mill |
| 5:40 | Encolar | Villager (Male) |
| 6:04 | Encolar | Villager (Male) |
| 6:37 | Encolar | Villager (Male) |
| 6:42 | Encolar | Villager (Male) |
| 7:27 | Encolar | Villager (Male) |
| 8:20 | Investigar | Feudal Age |
| 8:21 | Investigar | Loom |
| 9:51 | Construir | Barracks |
| 10:27 | Encolar | Villager (Male) |
| 10:27 | Encolar | Villager (Male) |
| 10:28 | Encolar | Villager (Male) |
| 10:36 | Edad | Edad Feudal |
| 10:46 | Construir | Archery Range |
| 11:02 | Investigar | Double-Bit Axe |
| 11:07 | Investigar | Horse Collar |
| 11:11 | Construir | House |
| 11:18 | Construir | Palisade Wall |
| 11:25 | Construir | Palisade Wall |
| 11:28 | Encolar | Villager (Male) |
| 11:52 | Construir | Lumber Camp |
| 12:14 | Construir | Farm |
| 12:16 | Construir | Farm |
| 12:29 | Encolar | Villager (Male) |
| 12:41 | Encolar | Villager (Male) |
| 12:46 | Construir | Farm |
| 13:02 | Construir | Palisade Wall |
| 13:03 | Construir | House |
| 13:05 | Construir | Palisade Wall |
| 13:08 | Encolar | Villager (Male) |
| 13:10 | Construir | Farm |
| 13:17 | Construir | House |
| 13:22 | Construir | Palisade Wall |
| 13:35 | Construir | Farm |
| 13:36 | Encolar | Villager (Male) |
| 13:37 | Encolar | Villager (Male) |
| 14:03 | Construir | Palisade Wall |
| 14:06 | Encolar | Villager (Male) |
| 14:09 | Construir | Farm |
| 14:09 | Construir | Farm |
| 14:14 | Encolar | Villager (Male) |
| 14:17 | Construir | Farm |
| 14:40 | Construir | Mining Camp |
| 14:55 | Construir | Palisade Wall |
| 15:05 | Construir | House |
| 15:11 | Construir | Farm |
| 15:21 | Encolar | Villager (Male) |
| 15:25 | Construir | Farm |
| 15:26 | Encolar | Villager (Male) |
| 15:33 | Construir | Palisade Wall |
| 15:41 | Construir | Palisade Wall |
| 15:51 | Construir | Farm |
| 15:55 | Encolar | Villager (Male) |
| 16:18 | Construir | Farm |
| 16:30 | Construir | Farm |
| 16:36 | Encolar | Villager (Male) |
| 16:56 | Construir | Blacksmith |
| 17:09 | Encolar | Villager (Male) |
| 17:37 | Investigar | Castle Age |
| 17:37 | Investigar | Castle Age |
| 17:51 | Encolar | Archer ×3 |
| 17:58 | Construir | House |
| 17:59 | Construir | House |
| 18:02 | Construir | House |
| 18:06 | Investigar | Gold Mining |
| 18:11 | Encolar | Archer |
| 18:20 | Investigar | Fletching |
| 18:33 | Construir | Watch Tower |
| 18:45 | Construir | House |
| 18:46 | Construir | House |
| 18:47 | Construir | House |
| 18:58 | Investigar | Padded Archer Armor |
| 19:01 | Encolar | Archer |
| 19:19 | Construir | Stone Wall |
| 19:40 | Construir | Stone Wall |
| 19:58 | Encolar | Archer |
| 20:02 | Construir | Archery Range |
| 20:21 | Edad | Edad de los Castillos |
| 20:27 | Investigar | Crossbowman (upgrade) |
| 20:28 | Encolar | Archer |
| 20:33 | Investigar | Bodkin Arrow |
| 20:41 | Encolar | Archer |
| 20:42 | Encolar | Archer |
| 20:51 | Construir | University |
| 20:57 | Investigar | Bow Saw |
| 21:14 | Encolar | Villager (Male) |
| 21:19 | Encolar | Archer |
| 21:20 | Encolar | Archer |
| 21:22 | Encolar | Archer |
| 21:24 | Encolar | Archer |
| 21:25 | Encolar | Villager (Male) |
| 21:48 | Encolar | Villager (Male) |
| 22:20 | Investigar | Ballistics |
| 22:20 | Investigar | Ballistics |
| 22:28 | Encolar | Archer |
| 22:30 | Encolar | Archer |
| 22:30 | Encolar | Archer |
| 22:32 | Encolar | Villager (Male) |
| 22:33 | Encolar | Villager (Male) |
| 22:33 | Encolar | Villager (Male) |
| 22:37 | Encolar | Villager (Male) |
| 22:49 | Encolar | Archer |
| 22:50 | Encolar | Archer |
| 23:08 | Investigar | Heavy Plow |
| 23:21 | Encolar | Archer |
| 23:22 | Encolar | Archer |
| 23:36 | Encolar | Archer |
| 23:37 | Encolar | Archer |
| 24:11 | Construir | Palisade Gate |
| 24:13 | Encolar | Villager (Male) |
| 24:15 | Investigar | Wheelbarrow |
| 24:19 | Construir | House |
| 24:21 | Construir | House |
| 24:27 | Construir | Farm |
| 24:30 | Encolar | Archer |
| 24:31 | Encolar | Archer |
| 24:32 | Encolar | Archer |
| 24:32 | Encolar | Archer |
| 24:43 | Construir | Farm |
| 24:45 | Encolar | Archer |
| 24:47 | Encolar | Archer |
| 25:01 | Construir | Mining Camp |
| 25:13 | Encolar | Archer |
| 25:14 | Encolar | Archer |
| 25:44 | Encolar | Archer |
| 25:45 | Encolar | Archer |
| 25:46 | Encolar | Archer |
Build order — [KT] The Best
Primeras 150 de 313 acciones detectadas
| 0:01 | Encolar | Villager (Male) |
| 0:03 | Construir | House |
| 0:05 | Construir | House |
| 0:15 | Encolar | Villager (Male) |
| 0:16 | Encolar | Villager (Male) |
| 0:16 | Encolar | Villager (Male) |
| 0:16 | Encolar | Villager (Male) |
| 0:25 | Construir | House |
| 1:39 | Encolar | Villager (Male) |
| 2:06 | Encolar | Villager (Male) |
| 2:06 | Encolar | Villager (Male) |
| 2:25 | Encolar | Villager (Male) |
| 2:55 | Encolar | Villager (Male) |
| 3:20 | Encolar | Villager (Male) |
| 3:20 | Encolar | Villager (Male) |
| 3:33 | Construir | Barracks |
| 3:42 | Encolar | Villager (Male) |
| 4:00 | Encolar | Villager (Male) |
| 4:18 | Construir | House |
| 4:27 | Investigar | Loom |
| 4:38 | Encolar | Villager (Male) |
| 4:41 | Encolar | Militia |
| 4:43 | Construir | House |
| 4:58 | Encolar | Villager (Male) |
| 5:01 | Encolar | Militia |
| 5:12 | Construir | House |
| 5:32 | Encolar | Villager (Male) |
| 5:38 | Encolar | Militia |
| 5:38 | Encolar | Militia |
| 5:50 | Encolar | Militia |
| 6:12 | Encolar | Villager (Male) |
| 6:14 | Encolar | Militia |
| 6:45 | Encolar | Villager (Male) |
| 6:47 | Encolar | Villager (Male) ×2 |
| 6:53 | Construir | House |
| 7:14 | Encolar | Villager (Male) |
| 7:14 | Encolar | Villager (Male) |
| 7:17 | Encolar | Villager (Male) |
| 7:18 | Encolar | Villager (Male) |
| 7:31 | Encolar | Villager (Male) |
| 7:41 | Encolar | Villager (Male) |
| 7:41 | Encolar | Villager (Male) |
| 8:09 | Encolar | Villager (Male) |
| 8:09 | Encolar | Villager (Male) |
| 8:09 | Encolar | Villager (Male) |
| 8:09 | Encolar | Villager (Male) |
| 8:37 | Encolar | Villager (Male) |
| 8:43 | Construir | Mill |
| 9:48 | Construir | Lumber Camp |
| 11:13 | Encolar | Villager (Male) |
| 11:17 | Construir | Mining Camp |
| 11:33 | Investigar | Feudal Age |
| 12:14 | Construir | Farm |
| 12:41 | Construir | Farm |
| 12:53 | Construir | Farm |
| 13:36 | Construir | Farm |
| 13:40 | Construir | Farm |
| 13:44 | Construir | Farm |
| 13:49 | Construir | Farm |
| 13:52 | Construir | Farm |
| 13:55 | Edad | Edad Feudal |
| 13:57 | Encolar | Villager (Male) |
| 13:58 | Encolar | Villager (Male) |
| 14:03 | Construir | Market |
| 14:34 | Construir | Blacksmith |
| 15:05 | Construir | Farm |
| 15:39 | Investigar | Castle Age |
| 15:52 | Construir | House |
| 15:57 | Construir | House |
| 16:04 | Construir | Palisade Wall |
| 16:21 | Investigar | Double-Bit Axe |
| 16:40 | Investigar | Stone Mining |
| 16:59 | Construir | Farm |
| 17:09 | Construir | Farm |
| 17:13 | Construir | Farm |
| 17:53 | Construir | Farm |
| 17:56 | Construir | Farm |
| 18:04 | Investigar | Horse Collar |
| 18:07 | Encolar | Villager (Male) |
| 18:19 | Edad | Edad de los Castillos |
| 18:30 | Encolar | Villager (Male) |
| 19:07 | Construir | Castle |
| 19:12 | Construir | Mining Camp |
| 19:19 | Encolar | Villager (Male) |
| 19:23 | Investigar | Bow Saw |
| 19:25 | Investigar | Heavy Plow |
| 19:32 | Encolar | Villager (Male) |
| 19:59 | Investigar | Padded Archer Armor |
| 20:03 | Encolar | Villager (Male) |
| 20:27 | Encolar | Villager (Male) |
| 20:29 | Encolar | Conquistador |
| 20:45 | Construir | Town Center |
| 20:59 | Encolar | Villager (Male) |
| 21:01 | Encolar | Conquistador ×2 |
| 21:08 | Construir | Monastery |
| 21:14 | Encolar | Villager (Male) |
| 21:17 | Construir | Farm |
| 21:18 | Construir | Farm |
| 21:34 | Encolar | Conquistador |
| 21:39 | Construir | Farm |
| 21:42 | Construir | Farm |
| 21:46 | Encolar | Missionary |
| 21:59 | Construir | Lumber Camp |
| 22:08 | Encolar | Villager (Male) |
| 22:11 | Encolar | Villager (Male) ×2 |
| 22:14 | Construir | Farm |
| 22:16 | Construir | Farm |
| 22:23 | Encolar | Villager (Male) |
| 22:24 | Construir | Farm |
| 22:47 | Construir | Farm |
| 22:50 | Construir | Farm |
| 22:51 | Construir | Farm |
| 22:53 | Construir | Farm |
| 22:55 | Encolar | Villager (Male) |
| 22:58 | Encolar | Villager (Male) ×2 |
| 23:13 | Encolar | Villager (Male) ×2 |
| 23:37 | Encolar | Villager (Male) ×2 |
| 23:43 | Construir | Farm |
| 24:02 | Encolar | Villager (Male) ×3 |
| 24:14 | Construir | Town Center |
| 24:20 | Investigar | Gold Mining |
| 24:20 | Investigar | Gold Mining |
| 24:24 | Construir | Farm |
| 24:25 | Construir | Farm |
| 24:27 | Construir | Farm |
| 25:24 | Investigar | Town Watch |
| 25:26 | Investigar | Wheelbarrow |
| 25:30 | Construir | Siege Workshop |
| 25:33 | Investigar | Fletching |
| 25:42 | Construir | Farm |
| 25:48 | Construir | Farm |
| 25:59 | Encolar | Mangonel ×3 |
| 26:33 | Construir | Monastery |
| 26:35 | Construir | Farm |
| 26:45 | Construir | Farm |
| 26:59 | Encolar | Villager (Male) ×5 |
| 27:09 | Construir | Farm |
| 27:10 | Construir | Farm |
| 27:13 | Construir | Farm |
| 27:46 | Encolar | Villager (Male) |
| 27:50 | Encolar | Villager (Male) |
| 27:52 | Construir | Farm |
| 27:55 | Construir | Farm |
| 27:58 | Investigar | Stone Shaft Mining |
| 28:03 | Construir | Farm |
| 28:18 | Construir | Farm |
| 28:19 | Construir | Farm |
| 28:19 | Construir | Farm |
| 28:20 | Construir | Farm |
| 28:24 | Construir | Farm |
Cronología de la partida
| 3:33 | [KT] The Best · first_building Barracks |
| 9:51 | AttiladaHun · first_building Barracks |
| 10:36 | AttiladaHun · age_up feudal |
| 10:46 | AttiladaHun · first_building Archery Range |
| 11:18 | AttiladaHun · wall_segment Palisade Wall x11 |
| 11:25 | AttiladaHun · wall_segment Palisade Wall x7 |
| 13:02 | AttiladaHun · wall_segment Palisade Wall x3 |
| 13:05 | AttiladaHun · wall_segment Palisade Wall x9 |
| 13:22 | AttiladaHun · wall_segment Palisade Wall x10 |
| 13:55 | [KT] The Best · age_up feudal |
| 14:03 | AttiladaHun · wall_segment Palisade Wall x12 |
| 14:55 | AttiladaHun · wall_segment Palisade Wall x14 |
| 15:17 | [KT] The Best · first_market_sell 100 stone |
| 15:18 | [KT] The Best · first_market_buy 100 food |
| 15:33 | AttiladaHun · wall_segment Palisade Wall x4 |
| 15:41 | AttiladaHun · wall_segment Palisade Wall x1 |
| 16:04 | [KT] The Best · wall_segment Palisade Wall x1 |
| 18:19 | [KT] The Best · age_up castle |
| 19:07 | [KT] The Best · first_building Castle |
| 19:19 | AttiladaHun · wall_segment Stone Wall x7 |
| 19:40 | AttiladaHun · wall_segment Stone Wall x6 |
| 20:21 | AttiladaHun · age_up castle |
| 21:08 | [KT] The Best · first_building Monastery |
| 25:30 | [KT] The Best · first_building Siege Workshop |
| 28:23 | AttiladaHun · first_building Monastery |
| 31:30 | AttiladaHun · first_market_sell 100 food |
| 31:39 | AttiladaHun · first_market_buy 100 stone |
| 32:23 | AttiladaHun · age_up imperial |
| 33:44 | AttiladaHun · first_building Castle |
| 34:14 | [KT] The Best · first_building Stable |
| 36:42 | [KT] The Best · age_up imperial |
| 41:36 | AttiladaHun · resign |
[ ANÁLISIS IA · 1 CRÉDITO ]
¿Qué pasó realmente en esta partida?
Wolo.gg analiza cada decisión: build order, eco, micro, errores típicos por bracket. Análisis personalizado por WhatsApp o Discord en 30 segundos.
Guía civ
Mongoles
Perfil
Jugador #6850975